 Dungeon Crawl Stone Soup version 0.23.2 (webtiles) character file.

Game seed: 8422601326989103307

60 FrozenHourglass the Gusty (level 3, 0/26 HPs)
             Began as a Draconian Air Elementalist on Apr 3, 2019.
             Succumbed to an adder's poison
             ... on level 2 of the Dungeon.
             The game lasted 00:09:19 (1018 turns).

FrozenHourglass the Gusty (DrAE)                    Turns: 1018, Time: 00:09:19

Health: 0/26       AC:  5    Str: 10    XL:     3   Next: 82%
Magic:  6/6        EV: 12    Int: 16    God:
Gold:   63         SH:  0    Dex: 11    Spells: 4/7 levels left

rFire    + . .     SeeInvis .   e - +1 dagger (pain)
rCold    x . .     Gourm    .   (no shield)
rNeg     . . .     Faith    .   (armour unavailable)
rPois    .         Spirit   .   (helmet restricted)
rElec    .         Reflect  .   (no cloak)
rCorr    .         Harm     .   (no gloves)
MR       .....                  (no boots)
Stlth    ++........             j - amulet of the acrobat
HPRegen  0.08/turn              g - ring of fire
MPRegen  0.10/turn              (no ring)

@: lethally poisoned (0 -> -4), berserk cooldown, slowed, very slow
A: unfitting armour, cold-blooded, AC +5
a: no special abilities


You were on level 2 of the Dungeon.
You were not hungry.

You visited 1 branch of the dungeon, and saw 2 of its levels.

You collected 63 gold pieces.

Inventory:

Hand Weapons
 e - a +1 dagger of pain (weapon)
Missiles
 a - 12 poisoned needles
Jewellery
 g - a ring of fire (left hand)
 j - an amulet of the acrobat (around neck)
Scrolls
 c - a scroll of random uselessness {unknown}
 i - 3 scrolls of identify {unknown}
 k - 3 scrolls of remove curse
 l - a scroll of magic mapping {unknown}
Potions
 m - a potion of curing {unknown}
 n - a potion of lignification {unknown}
 o - a potion of flight {unknown}
Comestibles
 b - 3 rations
 d - 9 chunks of flesh


   Skills:
 + Level 0.4 Short Blades
 + Level 2.0 Dodging
 + Level 1.9 Stealth
 + Level 2.6 Spellcasting
 + Level 1.4 Conjurations
 + Level 3.8 Air Magic


You had 4 spell levels left.
You knew the following spells:

 Your Spells              Type           Power        Failure   Level  Hunger
a - Shock                 Conj/Air       ##..         7%          1    #......
b - Swiftness             Chrm/Air       #.......     14%         2    ##.....

Your spell library contained the following spells:

 Spells                   Type           Power        Failure   Level  Hunger
 Static Discharge         Conj/Air       ##......     21%         3    ###....
 Airstrike                Air            ##........   38%         4    #####..
 Lightning Bolt           Conj/Air       ##........   88%         5    ######.


Dungeon Overview and Level Annotations

Branches:
Dungeon (2/15)

Altars:


Innate Abilities, Weirdness & Mutations

Your plain brown scales are hard. (AC +5)
You cannot fit into any form of body armour.
You are cold-blooded and may be slowed by cold attacks.


Message History

The adder is severely wounded.
* * * LOW HITPOINT WARNING * * *
You feel sick. The adder bites you.
* * * LOW HITPOINT WARNING * * *
You barely miss the adder.
Your tail-slap misses the adder.
The adder is severely wounded.
The adder misses you.
You hit the adder.
You kill the adder!
* * * LOW HITPOINT WARNING * * *
You feel sick.
You are too berserk!
You feel a strong urge to attack something.
* * * LOW HITPOINT WARNING * * *
You feel sick.
You feel your anger nearly subside.
You are no longer berserk.
You are exhausted.
You feel yourself slow down.
It was a potion of magic.
Magic courses through your body.
You die...

... .... # ##... .
...#############... .
..............##.###.#
...?<......@.......#.###
........................
..............##...#...#
...#######>........'....
.. #######...###.##### .
#####.......##...
#####........#####...
.............# #...
#........##### #...


There were no monsters in sight!

Vanquished Creatures
  2 adders (D:2)
  An ooze (D:2)
  A worm (D:2)
  A dart slug (D:1)
  2 giant cockroaches (D:1)
  8 goblins
  6 hobgoblins
  A kobold (D:2)
  2 ball pythons (D:1)
  A bat (D:1)
  3 frilled lizards
  4 rats (D:1)
32 creatures vanquished.

Notes
Turn   | Place    | Note
-------+----------+-------------------------------------------
     0 | D:1      | FrozenHourglass the Draconian Air Elementalist began the
                  | quest for the Orb.
     0 | D:1      | Reached XP level 1. HP: 14/14 MP: 3/3
   183 | D:1      | Reached XP level 2. HP: 20/20 MP: 1/5
   837 | D:2      | Reached XP level 3. HP: 18/26 MP: 0/6
   950 | D:2      | Learned a level 2 spell: Swiftness
  1018 | D:2      | Succumbed to an adder's poison

Skill      XL: |  1  2 |
---------------+-------+-----
Dodging        | 2 |  2.0
Short Blades   | |  0.4
Stealth        | |  1.9
Spellcasting   | |  2.6
Conjurations   | |  1.4
Air Magic      | |  3.8

Action                   || total
-------------------------++-------
Melee: Dagger            ||    45
       Tailslap          ||     2
 Cast: Shock             ||    60
  Use: Scroll            ||     1
       Potion            ||     2
  Eat: Chunk             ||     1
Armor: Skin              ||    12
Dodge: Dodged            ||    31
